 Dungeon Crawl Stone Soup version 0.27.1-3-gb3d3a73c9e (webtiles) character file.

Game seed: 9094886888621906597

25 nxtlvl the Ruffian (level 2, 0/23 HPs)
             Began as a Minotaur Transmuter on Oct 13, 2021.
             Slain by a goblin (3 damage)
             ... led by Robin
             ... on level 2 of the Dungeon.
             The game lasted 00:03:50 (218 turns).

nxtlvl the Ruffian (Minotaur Transmuter)             Turns: 218, Time: 00:03:50

Health: 0/23       AC:  2    Str: 14    XL:     2   Next: 86%
Magic:  3/3        EV: 12    Int: 10    God:
Gold:   0          SH:  0    Dex: 10    Spells: 2/3 levels left

rFire    . . .     SeeInvis .     - Unarmed
rCold    . . .     Faith    .   (no shield)
rNeg     . . .     Spirit   .   a - +0 robe
rPois    .         Reflect  .   (helmet restricted)
rElec    .         Harm     .   (no cloak)
rCorr    .         Rampage  .   (no gloves)
Will     .....                  (no boots)
Stlth    +.........             f - amulet of magic regeneration
HPRegen  0.07/turn              (no ring)
MPRegen  0.33/turn              (no ring)

@: no status effects
A: horns 2, retaliatory headbutt
a: no special abilities


You were on level 2 of the Dungeon.
You visited 1 branch of the dungeon, and saw 3 of its levels.

Inventory:

Missiles
 c - 63 sling bullets
Armour
 a - a +0 robe (worn)
Jewellery
 f - an amulet of magic regeneration (around neck)
Scrolls
 b - a scroll of fog {unknown}
 d - 4 scrolls of identify {unknown}
 e - a scroll of enchant weapon {unknown}
 g - a scroll of teleportation {unknown}


   Skills:
 - Level 1.2 Fighting
 - Level 2.1 Dodging
 * Level 4.2 Unarmed Combat
 - Level 1.3 Spellcasting
 + Level 2.0 Transmutations


You had 2 spell levels left.
You knew the following spells:

 Your Spells              Type           Power      Damage    Failure   Level
a - Beastly Appendage     Tmut           8%         N/A       14%         1

Your spell library contained the following spells:

 Spells                   Type           Power      Damage    Failure   Level
 Wereblood                Tmut           4%         N/A       22%         2
 Spider Form              Tmut/Pois      1%         N/A       54%         3
 Ice Form                 Ice/Tmut       2%         N/A       91%         4


Dungeon Overview and Level Annotations

Branches:
Dungeon (3/15)

Altars:
Ru


Innate Abilities, Weirdness & Mutations

You have a pair of horns on your head.
You reflexively headbutt those who attack you in melee.


Message History

You kill the hobgoblin!
You closely miss the goblin. You headbutt the goblin.
You kill the goblin!
You hit Robin. Your kick misses Robin.
Robin is heavily wounded.
Robin hits you with a +0 short sword.
A goblin comes into view. It is wielding a +0 dagger.
You hit Robin. Your headbutt misses Robin.
Robin is heavily wounded.
Robin roars a battlecry!
The goblin goes into a battle-frenzy!
You hit Robin.
Robin is almost dead.
Robin roars a battlecry!
You barely miss Robin. Your kick misses Robin.
Robin is almost dead.
Robin hits you with a +0 short sword.
* * * LOW HITPOINT WARNING * * *
You closely miss Robin. You claw Robin, but do no damage. You headbutt Robin.
You kill Robin!
Your Unarmed Combat skill increases to level 4!
Your Transmutations skill increases to level 2!
Your talons disappear.
A goblin comes into view. It is wielding a +0 dagger.
The goblin moves out of view.
You closely miss the goblin.
You headbutt the goblin, but do no damage.
You hit the goblin.
The goblin is heavily wounded.
The goblin hits you with a +0 dagger.
* * * LOW HITPOINT WARNING * * *
There is a stone staircase leading down here.
The goblin no longer looks unusually strong.
The goblin no longer looks unusually strong.
Things that are here:
a +0 dagger; a goblin corpse You barely miss the goblin.
The goblin hits you with a +0 dagger.
* * * LOW HITPOINT WARNING * * *
You barely miss the goblin. The goblin hits you with a +0 dagger.
You die...

### #.. # #.# #
#.# # #@# ## #g#
.###### #g#
).....## #.#
.###...#########.#
.>...........g.)<#
####...###########
##.## #.#


You could see 2 goblins.

Vanquished Creatures
  Robin (D:2)
  An endoplasm (D:1)
  7 goblins
  2 hobgoblins
  A kobold (D:1)
  A frilled lizard (D:1)
  A rat (D:1)
14 creatures vanquished.

Notes
Turn   | Place    | Note
-------+----------+-------------------------------------------
     0 | D:1      | nxtlvl the Minotaur Transmuter began the quest for the Orb.
     0 | D:1      | Reached XP level 1. HP: 16/16 MP: 1/1
   148 | D:2      | Found a sacrificial altar of Ru.
   158 | D:2      | Reached XP level 2. HP: 19/23 MP: 3/3
   173 | D:2      | Noticed Robin
   193 | D:2      | Killed Robin
   194 | D:2      | Reached skill level 4 in Unarmed Combat
   218 | D:2      | Slain by a goblin

Illustrated notes

Levels and vault maps discovered:
D:1:      minmay_arrival_stair_chambers, layout_loops_ring
D:2:      layout_loops_ring, basic_altar, minmay_fractal_squares_gapless_5,
          uniq_robin
D:3:      layout_loops_cross, gammafunk_ghost_smash, st_stairs_9,
          corexii_leaking_fountain, uniq_ijyb

Skill      XL: |  1  2 |
---------------+-------+-----
Unarmed Combat | 4 |  4.2
Transmutations | 2 |  2.0
Fighting       | |  1.2
Dodging        | |  2.1
Spellcasting   | |  1.3

Action                   || total
-------------------------++-------
Melee: Unarmed           ||    31
       Headbutt          ||     9
       Kick              ||     5
       Punch             ||     1
 Cast: Beastly Appendage ||     6
Armor: Robe              ||     1
Dodge: Dodged            ||     3
